 Dungeon Crawl Stone Soup version 0.29.0-7-g18a832c13a (webtiles) character file.

Game seed: 1524890522581706742

5488 sanka the Grappler (level 10, 0/95 (102) HPs)
             Began as a Troll Cinder Acolyte on Aug 31, 2022.
             Was an Elder of Ignis.
             Slain by a wight
             ... wielding a +3 long sword
              (9 damage)
             ... on level 9 of the Dungeon.
             The game lasted 00:10:11 (6431 turns).

sanka the Grappler (Troll Cinder Acolyte)           Turns: 6431, Time: 00:10:12

HP:   0/95 (102)    AC:  4    Str: 24    XL:     10   Next: 42%
MP:   12/12         EV: 13    Int: 10    God:    Ignis [****..]
Gold: 120           SH:  0    Dex: 15    Spells: 11/11 levels left

rFire   + . .      SeeInvis .     - Unarmed
rCold   . . .      Faith    .   (no shield)
rNeg    . . .      Spirit   .   a - +0 robe
rPois   .          Reflect  .   (helmet restricted)
rElec   .          Harm     .   (no cloak)
rCorr   .          Rampage  .   (gloves unavailable)
Will    .....                   (boots unavailable)
Stlth   +.........              E - amulet of regeneration
HPRegen 1.85/turn               I - +4 ring of evasion
MPRegen 0.13/turn               q - +6 ring of dexterity

@: drained
A: large, unfitting armour, claws 3, regeneration 1, shaggy fur 1, tough skin 1
a: Renounce Religion, Fiery Armour, Foxfire Swarm, Rising Flame


You were on level 9 of the Dungeon.
You worshipped Ignis.
Ignis was greatly pleased with you.
You visited 2 branches of the dungeon, and saw 10 of its levels.
You also visited: Ossuary.

You collected 406 gold pieces.
You spent 286 gold pieces at shops.


Innate Abilities, Weirdness & Mutations

You are too large for most types of armour.
You have claws for hands.
Your natural rate of healing is unusually fast.
You are covered in fur. (AC +1)
You have tough skin. (AC +1)


   Skills:
 + Level 7.3 Fighting
 + Level 12.8 Unarmed Combat
 - Level 1.0 Spellcasting
 - Level 2.1 Fire Magic
 - Level 4.0 Invocations


You had 11 spell levels left.
You didn't know any spells.
Your spell library contained the following spells:

 Spells                   Type           Power      Damage    Failure   Level
 Scorch                   Fire           8%         2d5       22%         2
 Slow                     Hex            0%         N/A       34%         1
 Sting                    Tmut/Pois      0%         1d3       34%         1
 Poisonous Vapours        Pois/Air       0%         N/A       45%         2
 Inner Flame              Hex/Fire       2%         N/A       54%         3
 Ignite Poison            Fire/Tmut/Pois 1%         N/A       61%         3
 Confusing Touch          Hex            0%         N/A       71%         3
 Mephitic Cloud           Conj/Pois/Air  0%         N/A       71%         3
 Summon Guardian Golem    Hex/Summ       0%         N/A       71%         3
 Vampiric Draining        Necr           0%         2d6       71%         3
 Flame Wave               Conj/Fire      2%         2d4       91%         4
 Cause Fear               Hex            0%         N/A       98%         4
 Olgreb's Toxic Radiance  Pois           0%         N/A       98%         4
 Freezing Cloud           Conj/Ice/Air   0%         6-21      100%        5
 Summon Cactus Giant      Summ           0%         N/A       100%        6
 Orb of Destruction       Conj           0%         9d5       100%        7
 Spellforged Servitor     Conj/Summ      0%         N/A       100%        7
 Discord                  Hex            0%         N/A       100%        8

Inventory:

Missiles
 s - 4 large rocks {=f}
 x - a throwing net {=f}
Armour
 a - a +0 robe (worn)
Magical Staves
 J - a staff of fire
Jewellery
 d - a ring of positive energy
 j - a ring of resist corrosion
 q - a +6 ring of dexterity (right claw)
 D - a ring of poison resistance
 E - an amulet of regeneration (around neck)
 G - a ring of magical power
 I - a +4 ring of evasion (left claw)
Wands
 y - a wand of iceblast (7)
Scrolls
 c - a scroll of brand weapon {unknown}
 e - 8 scrolls of teleportation {unknown}
 g - a scroll of magic mapping {unknown}
 h - 5 scrolls of identify {unknown}
 i - 2 scrolls of blinking {unknown}
 l - 4 scrolls of enchant armour {unknown}
 m - 2 scrolls of vulnerability {unknown}
 n - 2 scrolls of fear {unknown}
 u - 3 scrolls of noise {unknown}
 v - 2 scrolls of immolation {unknown}
 B - a scroll of poison {unknown}
 C - 2 scrolls of enchant weapon {unknown}
Potions
 b - 4 potions of flight {unknown}
 f - 4 potions of haste {@q3}
 k - 2 potions of lignification {unknown}
 o - 4 potions of heal wounds {@q2}
 p - 3 potions of ambrosia {unknown}
 r - 7 potions of mutation {unknown}
 t - 13 potions of curing {@q1}
 w - a potion of attraction {unknown}
 z - 2 potions of degeneration {unknown}
 A - 2 potions of might
 F - a potion of invisibility {unknown}
 H - a potion of cancellation {unknown}

Dungeon Overview and Level Annotations

Branches:
Dungeon (9/15)             Temple (1/1) D:5         Ossuary (visited)
   Lair: D:8-11         Orc: D:9-12

Altars:
Ashenzari
Cheibriados
Dithmenos
Elyvilon
Fedhas
Gozag
Kikubaaqudgha
Nemelex Xobeh
Okawaru
Ru
Sif Muna
Trog
Uskayaw
Vehumet
Wu Jian
Xom
Yredelemnul
Zin
The Shining One

Shops:
D:4 ! D:7

: ▒.▒▒.▒ ▒.▒
▒▒▒.▒▒.▒▒▒▒▒▒ ▒.▒
.............. ▒.▒
▒▒▒.▒..▒▒▒▒▒▒. ▒.▒
▒▒▒.▒..▒▒▒ .▒ ▒.▒
.........▒▒ .▒▒▒ ▒.▒
.......▒.......<.▒ ▒▒▒.▒
▒▒▒.▒..▒▒▒.▒...▒.▒ ▒...▒
....▒..▒▒▒.▒▒.▒▒T▒ ▒.▒▒▒
................z▒▒▒▒▒▒.▒
▒▒▒▒▒....▒.▒...z.z).....▒
▒.........▒..)▒▒▒▒..▒
.......▒....▒.......▒ ..
▒.▒▒...▒▒▒▒.▒▒ ........
▒▒.▒▒ ▒.▒ ...▒.▒ ▒▒. ..▒
..... ..... ▒▒▒


You could see 3 wights.


Message History

The wight hits you from afar with a +4 spear!
* * * LOW HITPOINT WARNING * * *
The wight barely misses you.
You mangle the orc!!
You kill the orc!
A wight comes into view. It is wielding a +3 long sword.
Found a stone staircase leading up.
The wight closely misses you.
Things that are here:
a +0 mace; a +0 dagger You claw the wight!
The wight is almost destroyed.
The wight hits you with a +4 spear.
* * * LOW HITPOINT WARNING * * *
You feel drained.
* * * LOW HITPOINT WARNING * * *
The wight hits you with a +3 long sword!
* * * LOW HITPOINT WARNING * * *
The wight closely misses you. The wight attacks as you move away!
The wight hits you with a +3 long sword!
* * * LOW HITPOINT WARNING * * *
The wight barely misses you. The wight attacks as you move away!
The wight hits you with a +3 long sword!
* * * LOW HITPOINT WARNING * * *
The wight barely misses you. The wight attacks as you move away!
The wight hits you with a +3 long sword!
You die...

Action                   |  1- 3 |  4- 6 |  7- 9 | 10-12 || total
-------------------------+-------+-------+-------+-------++-------
Melee: Unarmed           |    90 |    51 |   302 |    50 ||   493
       Punch             |     1 |       |    20 |     4 ||    25
Invok: Fiery Armour      |       |     2 |     1 |     1 ||     4
 Stab: Sleeping          |       |       |     1 |       ||     1
Armor: Robe              |    36 |    22 |    68 |     8 ||   134
Dodge: Dodged            |    34 |    28 |   138 |    22 ||   222

Levels and vault maps discovered:
D:1:      dpeg_arrival_solitude, layout_rooms
D:2:      layout_rooms, serial_co_window_serial, co_window_corner_a,
          co_window_paths_a, co_window_paths_a, co_window_of_opportunity_a,
          co_window_of_opportunity_a, co_window_broadway_c, co_window_corner_b,
          co_window_unsneaky_path_b, co_window_broadway_a, co_window_broadway_a,
          co_window_4corner_b, glass_columns_c, glass_columns_c,
          glass_columns_b, glass_columns_a
D:3:      layout_basic, ebering_ecumenical_altar_hall, serial_forest,
          infiniplex_forest_lined_room_, infiniplex_forest_lined_room_3,
          infiniplex_forest_clump_curved, infiniplex_forest_straight_3,
          infiniplex_forest_3_way, infiniplex_forest_end_3,
          infiniplex_forest_straight_2, infiniplex_forest_clump_small,
          minmay_misc_feat_plants, uniq_jessica
D:4:      layout_cave_pools, nicolae_uskayaw_en_pointe,
          mainiacjoe_overflow_alcove_1, serial_shops, shop, uniq_eustachio
D:5:      layout_gridville, mainiacjoe_overflow_boulevard,
          nicolae_overflow_crystal_walls, minmay_temple_entry_glassed_door
D:6:      layout_loops_ring, uniq_duvessa
D:7:      layout_basic, okawaru_ov_weapons_minmay, serial_shops, shop
D:8:      layout_loops_cross, nicolae_sif_muna_little_library,
          minmay_overflow_temple_star_quad, gup_ossuary_entry_pyramid,
          uniq_joseph
D:9:      layout_loops_ring, makhleb_altar_promises_db,
          nicolae_overflow_hidden_temple, nicolae_vehumet_altar_sigil
Temple:   chequers_temple_sunken

Notes
Turn   | Place    | Note
-------+----------+-------------------------------------------
     0 | D:1      | sanka the Troll Cinder Acolyte began the quest for the Orb.
     0 | D:1      | Reached XP level 1. HP: 22/22 MP: 1/1
   280 | D:1      | Reached XP level 2. HP: 29/29 MP: 2/2
   432 | D:2      | Reached skill level 4 in Unarmed Combat
   433 | D:2      | Reached XP level 3. HP: 35/36 MP: 3/3
  1341 | D:2      | Reached skill level 5 in Unarmed Combat
  1341 | D:2      | Reached XP level 4. HP: 32/44 MP: 4/4
  1443 | D:3      | Noticed an ogre
  1449 | D:3      | Killed an ogre
  1450 | D:3      | Reached skill level 6 in Unarmed Combat
  1450 | D:3      | Reached XP level 5. HP: 31/50 MP: 5/5
  1495 | D:3      | Identified the +2 scale mail of Roquz {Fly Str+2}
  1538 | D:3      | Noticed Jessica
  1541 | D:3      | Killed Jessica
  1791 | D:5      | Entered Level 5 of the Dungeon
  1819 | D:5      | Noticed an ice beast
  1833 | D:5      | Killed an ice beast
  1834 | D:5      | Reached skill level 7 in Unarmed Combat
  1834 | D:5      | Reached XP level 6. HP: 59/59 MP: 6/6
  1845 | D:5      | Found a sacrificial altar of Ru.
  1984 | D:4      | Found Fiymuq's Distillery.
  1996 | D:4      | Bought a potion of heal wounds for 65 gold pieces
  2065 | D:4      | Noticed Eustachio
  2071 | D:4      | Killed Eustachio
  2072 | D:4      | Reached skill level 8 in Unarmed Combat
  2072 | D:4      | Reached XP level 7. HP: 66/66 MP: 7/7
  2097 | D:4      | Noticed a +0 short sword
  2097 | D:4      | Noticed a +0 falchion
  2097 | D:4      | Noticed a +0 falchion
  2097 | D:4      | Noticed a +0 dagger
  2097 | D:4      | Noticed a +0 spear
  2097 | D:4      | Noticed a +0 spear
  2098 | D:4      | Noticed a +0 dagger
  2099 | D:4      | Noticed a +0 short sword
  2100 | D:4      | Found a hide-covered altar of Uskayaw.
  2207 | D:4      | Found a shadowy altar of Dithmenos.
  2684 | D:3      | Found a faded altar of an unknown god.
  2844 | D:5      | Found a white marble altar of Elyvilon.
  2906 | D:5      | Reached skill level 9 in Unarmed Combat
  3067 | D:5      | Found a staircase to the Ecumenical Temple.
  3102 | Temple   | Entered the Ecumenical Temple
  3352 | D:5      | HP: 6/66 [gnoll/+0 halberd (5)]
  3527 | D:6      | Reached XP level 8. HP: 62/74 MP: 8/8
  3555 | D:6      | Reached skill level 10 in Unarmed Combat
  3694 | D:6      | Reached skill level 1 in Invocations
  3726 | D:6      | Reached skill level 3 in Fighting
  3953 | D:6      | Noticed Duvessa
  3954 | D:6      | Noticed Dowan
  3960 | D:6      | Killed Duvessa
  3965 | D:6      | Killed Dowan
  3966 | D:6      | Reached skill level 2 in Invocations
  3985 | D:6      | Identified the +0 robe of Qaesm {Harm Archmagi}
  4304 | D:6      | Reached skill level 4 in Fighting
  4329 | D:7      | Found an iron altar of Okawaru.
  4386 | D:7      | Reached skill level 3 in Invocations
  4431 | D:7      | Reached XP level 9. HP: 84/84 MP: 10/10
  4606 | D:7      | Reached skill level 11 in Unarmed Combat
  4609 | D:7      | Identified the +0 ring mail of Absolutism {-Cast rPois rC+}
  4770 | D:7      | Found Gocvusest's Book Shoppe.
  4823 | D:7      | Reached skill level 4 in Invocations
  4826 | D:7      | Reached skill level 5 in Fighting
  5216 | D:8      | Found a sand-covered staircase.
  5224 | Ossuary  | Entered an ossuary
  5566 | D:8      | Reached skill level 6 in Fighting
  5706 | D:8      | Reached skill level 12 in Unarmed Combat
  5805 | D:8      | Found a shimmering blue altar of Sif Muna.
  5863 | D:8      | Noticed Joseph
  5907 | D:8      | Killed Joseph
  5908 | D:8      | Reached XP level 10. HP: 83/100 MP: 12/12
  5941 | D:8      | Found a glowing golden altar of the Shining One.
  5946 | D:8      | Found a basalt altar of Yredelemnul.
  5951 | D:8      | Found a snail-covered altar of Cheibriados.
  6108 | D:4      | Bought a potion of curing for 39 gold pieces
  6108 | D:4      | Bought a potion of haste for 130 gold pieces
  6108 | D:4      | Bought a potion of might for 52 gold pieces
  6234 | D:9      | Found a radiant altar of Vehumet.
  6257 | D:9      | Noticed a two-headed ogre
  6262 | D:9      | Killed a two-headed ogre
  6263 | D:9      | Reached skill level 7 in Fighting
  6430 | D:9      | HP: 7/95 [wight/+3 long sword (10)]
  6431 | D:9      | Slain by a wight

Vanquished Creatures
  A two-headed ogre (D:9)
  Joseph (D:8)
  A hornet (D:8)
  A wraith (D:9)
  A wyvern (D:8)
  Eustachio (D:4)
  2 steam dragons
  Duvessa (D:6)
  4 water moccasins
  A sky beast (D:8)
  An ice beast (D:5)
  2 black bears (D:5)
  2 ogres
  2 centaurs
  2 phantoms
  3 kobold brigands
  3 necrophages
  A bullfrog (D:8)
  5 water moccasin zombies (Ossuary)
  10 wights
  Dowan (D:6)
  A howler monkey (D:8)
  4 jellies (D:6)
  6 orc priests
  A hound (D:6)
  Jessica (D:3)
  A gnoll bouda (D:5)
  3 iguanas
  7 orc wizards
  3 mummies
  11 gnolls
  9 adders
  An ufetubus (D:6)
  3 adder zombies (Ossuary)
  A worm (D:2)
  3 dart slugs
  27 orcs
  A ball python (D:1)
  7 endoplasms
  2 giant cockroaches
  5 gnoll zombies (Ossuary)
  6 goblins
  2 hobgoblins
  11 jackals
  2 quokkas (D:1)
  2 frilled lizards
  6 hobgoblin zombies (Ossuary)
  16 kobolds
  6 kobold zombies (Ossuary)
  8 orc zombies (Ossuary)
  5 rats
207 creatures vanquished.

Vanquished Creatures (others)
  3 plants (D:3)
3 creatures vanquished.

Grand Total: 210 creatures vanquished
